 Dungeon Crawl Stone Soup version 0.22-a0-48-g8770677 (webtiles) character file.

2302 gmonis the Basher (level 9, -3/71 HPs)
             Began as a Minotaur Berserker on Jan 7, 2018.
             Was an Elder of Trog.
             Slain by a killer bee (7 damage)
             ... on level 8 of the Dungeon.
             The game lasted 00:11:59 (7067 turns).

gmonis the Basher (Minotaur Berserker)              Turns: 7067, Time: 00:12:00

Health: -3/71      AC:  9    Str: 24    XL:     9   Next: 17%
Magic:  8/8        EV:  9    Int:  4    God:    Trog [****..]
Gold:   363        SH:  0    Dex: 11    Spells: 8/8 levels left

rFire    . . .     SeeInvis .   a - +0 mace
rCold    + . .     Gourm    .   (no shield)
rNeg     + . .     Faith    .   l - +0 chain mail
rPois    .         Spirit   .   (helmet restricted)
rElec    .         Reflect  .   (no cloak)
rCorr    .         Harm     .   (no gloves)
MR       .....                  (no boots)
Stlth    ..........             (no amulet)
HPRegen  0.21/turn              f - ring of protection from cold
MPRegen  0.11/turn              A - ring of positive energy

@: lethally poisoned (-3 -> -60), berserk cooldown
A: retaliatory headbutt, horns 2
a: Berserk, Trog's Hand, Brothers in Arms, Burn Spellbooks, Renounce Religion


You were on level 8 of the Dungeon.
You worshipped Trog.
Trog was greatly pleased with you.
You were very hungry.

You visited 2 branches of the dungeon, and saw 9 of its levels.

You collected 363 gold pieces.

Inventory:

Hand Weapons
 a - a +0 mace (weapon)
Missiles
 i - 149 stones (quivered)
Armour
 b - a +0 animal skin
 g - a +0 scale mail
 l - a +0 chain mail (worn)
Jewellery
 f - a ring of protection from cold (left hand)
 j - an uncursed ring of poison resistance
 x - a +4 ring of dexterity
 y - a +6 ring of dexterity
 z - an uncursed ring of ice
 A - a ring of positive energy (right hand)
 B - a cursed -3 ring of strength {unknown}
Scrolls
 e - 12 scrolls of identify {unknown}
 k - 2 scrolls of enchant weapon {unknown}
 m - 3 scrolls of remove curse {unknown}
 n - 4 scrolls of teleportation {unknown}
 p - a scroll of random uselessness {unknown}
 r - 2 scrolls of blinking {unknown}
 t - a scroll of magic mapping {unknown}
 u - a scroll of noise {unknown}
 w - a scroll of acquirement {unknown}
Potions
 h - a potion of agility {unknown}
 o - 4 potions of curing {unknown}
 q - a potion of cancellation {unknown}
 s - 2 potions of lignification {unknown}
 v - a potion of might {unknown}
Comestibles
 c - 12 rations


   Skills:
 + Level 4.2 Fighting
 - Level 14.0 Maces & Flails
 + Level 3.4 Armour
 + Level 2.4 Dodging


You had 8 spell levels left.
You didn't know any spells.

Dungeon Overview and Level Annotations

Branches:
Dungeon (8/15)             Temple (1/1) D:7
   Lair: D:8-11

Altars:
Ashenzari
Cheibriados
Dithmenos
Elyvilon
Fedhas
Gozag
Hepliaklqana
Kikubaaqudgha
Makhleb
Nemelex Xobeh
Okawaru
Qazlal
Ru
Sif Muna
Trog
Uskayaw
Vehumet
Wu Jian
Xom
Yredelemnul
Zin
The Shining One


Innate Abilities, Weirdness & Mutations

You reflexively headbutt those who attack you in melee.
You have a pair of horns on your head.


Message History

* * * LOW HITPOINT WARNING * * *
You feel very sick. The killer bee stings you.
* * * LOW HITPOINT WARNING * * *
You are more poisoned.
The killer bee poisons you! The killer bee barely misses you. x2
The killer bee stings you but does no damage.
The killer bee barely misses you. You furiously retaliate!
You headbutt the killer bee!
You kill the killer bee!
Trog accepts your kill.
You hit the killer bee. You headbutt the killer bee.
The killer bee is lightly wounded.
* * * LOW HITPOINT WARNING * * *
You feel very sick. The killer bee stings you.
* * * LOW HITPOINT WARNING * * *
The killer bee stings you but does no damage. x2
The killer bee closely misses you. The killer bee stings you!
You die...

##########.. .
...........#.#.#
##.#.#.#.#.#.#.#
#...............
##.#.#.#.#.#.#.#
#..............
##.#.#.#y#.#.#.#
#...<)y@y†......
##.#.#y#†#.#.#.#
#...............
....#.#.#.#.#.#.#.#
####.........../..
##.#.#y#.#.#.#.#
#[.###.###### # ##y
.y #. .##


You could see 5 killer bees.

Vanquished Creatures
  2 steam dragons (D:5)
  An ice beast (D:5)
  A black bear (D:8)
  4 ogres
  2 centaurs
  A wyvern zombie (D:6)
  5 killer bees (D:8)
  A howler monkey (D:6)
  6 crimson imps
  3 centaur zombies
  A hound (D:6)
  A bullfrog skeleton (D:7)
  A centaur skeleton (D:4)
  A jelly (D:8)
  2 orc wizards (D:6)
  An iguana (D:2)
  Natasha (twice) (D:3)
  7 worker ants
  4 gnolls
  15 adders
  A shadow imp (D:5)
  An adder zombie (D:8)
  4 worms
  3 dart slugs
  6 leopard geckos
  10 orcs
  2 ball pythons
  12 bats
  5 giant cockroaches
  10 goblins
  8 hobgoblins
  17 jackals
  4 kobolds (D:3)
  2 quokkas
  5 frilled lizards
  A quokka skeleton (D:6)
  10 rats
162 creatures vanquished.

Notes
Turn   | Place    | Note
-------+----------+-------------------------------------------
     0 | D:1      | gmonis the Minotaur Berserker began the quest for the Orb.
     0 | D:1      | Reached XP level 1. HP: 19/19 MP: 0/0
   188 | D:1      | Reached skill level 4 in Maces & Flails
   188 | D:1      | Reached XP level 2. HP: 27/27 MP: 1/1
   625 | D:1      | Reached XP level 3. HP: 33/33 MP: 2/2
   736 | D:2      | Reached skill level 5 in Maces & Flails
   888 | D:2      | Reached XP level 4. HP: 17/40 MP: 3/3
   891 | D:2      | Reached ** piety under Trog
  1157 | D:3      | Reached skill level 6 in Maces & Flails
  1554 | D:3      | Found a blossoming altar of Fedhas.
  1647 | D:2      | Reached XP level 5. HP: 45/46 MP: 4/4
  2116 | D:3      | Noticed Natasha
  2120 | D:3      | Killed Natasha
  2120 | D:3      | Reached skill level 7 in Maces & Flails
  2324 | D:3      | Noticed Natasha
  2331 | D:3      | Killed Natasha
  2912 | D:4      | Reached *** piety under Trog
  2925 | D:4      | Found a hazy altar of Hepliaklqana.
  2925 | D:4      | Found an ancient bone altar of Kikubaaqudgha.
  2926 | D:4      | Found an ornate altar of the Wu Jian Council.
  3019 | D:4      | Reached skill level 8 in Maces & Flails
  3019 | D:4      | Reached XP level 6. HP: 52/52 MP: 5/5
  3298 | D:4      | Reached skill level 9 in Maces & Flails
  3917 | D:5      | Entered Level 5 of the Dungeon
  3929 | D:5      | Reached XP level 7. HP: 53/58 MP: 6/6
  4195 | D:5      | Reached skill level 10 in Maces & Flails
  4315 | D:5      | Found a shadowy altar of Dithmenos.
  4666 | D:5      | Noticed a steam dragon
  4667 | D:5      | Noticed a steam dragon
  4676 | D:5      | Killed a steam dragon
  4676 | D:5      | Reached skill level 11 in Maces & Flails
  4676 | D:5      | Reached XP level 8. HP: 39/66 MP: 7/7
  4680 | D:5      | HP: 1/99 [steam dragon (6)]
  5057 | D:5      | Reached skill level 12 in Maces & Flails
  5291 | D:5      | Found an opulent altar of Gozag.
  5291 | D:5      | Found a sparkling altar of Nemelex Xobeh.
  5551 | D:6      | Reached **** piety under Trog
  5823 | D:6      | Reached skill level 13 in Maces & Flails
  6377 | D:7      | Found a staircase to the Ecumenical Temple.
  6423 | Temple   | Entered the Ecumenical Temple
  6864 | D:7      | Reached XP level 9. HP: 71/71 MP: 8/8
  7048 | D:8      | Reached skill level 14 in Maces & Flails
  7067 | D:8      | Slain by a killer bee

Vault maps used:
D:1:      grunt_arrival_crossed_arrows
D:3:      nicolae_overflow_crystal_walls, uniq_natasha
D:4:      gammafunk_temple_overflow_forgotten
D:5:      kennysheep_steamy, grunt_dithmenos_smoke,
          grunt_temple_overflow_opulence, first_ration
D:6:      mrwooster_statue_mirror
D:7:      minmay_temple_entry_glassed_door
D:8:      grunt_decor_arrowhead, david_nohive_1, st_stairs_11,
          minmay_three_doors
Temple:   regret_index_temple_generic_petals

Skill      XL: |  1  2  3  4  5  6  7  8  9 |
---------------+----------------------------+-----
Maces & Flails | 4 5 6 8 9 11 13 14 | 14.0
Fighting       | 4 |  4.2
Armour         | 3 |  3.4
Dodging        | |  2.4

Action                   |  1- 3 |  4- 6 |  7- 9 || total
-------------------------+-------+-------+-------++-------
Melee: Mace              |    62 |   172 |   198 ||   432
       Headbutt          |    14 |    30 |    44 ||    88
Throw: Stone             |       |    20 |       ||    20
Invok: Berserk           |       |     1 |     3 ||     4
  Use: Potion            |       |       |     3 ||     3
  Eat: Chunk             |       |    10 |     8 ||    18
       Ration            |       |       |     1 ||     1
Armor: Animal skin       |     2 |       |       ||     2
       Scale mail        |    20 |     1 |       ||    21
       Chain mail        |       |    78 |   106 ||   184
Dodge: Dodged            |    49 |    52 |   114 ||   215

Table legend:
 A = Spawn XP
 B = Non-spawn XP
 C = Spawn XP percentage of total XP
 D = Spawn monster count
 E = Non-spawn monster count
 F = Spawn count percentage of total count
 G = Total turns spent on level
                    A         B        C        D         E        F      G
               +---------+---------+-------+---------+---------+-------+---------
         Total |       0 |    3289 |   0.0 |       0 |     162 |   0.0 |  7067
               +---------+---------+-------+---------+---------+-------+---------
           D:1 |       0 |      49 |   0.0 |       0 |      21 |   0.0 |   735
           D:2 |       0 |     100 |   0.0 |       0 |      26 |   0.0 |   835
           D:3 |       0 |     159 |   0.0 |       0 |      30 |   0.0 |  1131
           D:4 |       0 |     336 |   0.0 |       0 |      26 |   0.0 |  1216
           D:5 |       0 |    1235 |   0.0 |       0 |      20 |   0.0 |  1444
           D:6 |       0 |     675 |   0.0 |       0 |      18 |   0.0 |   944
           D:7 |       0 |     247 |   0.0 |       0 |      13 |   0.0 |   479
           D:8 |       0 |     488 |   0.0 |       0 |       8 |   0.0 |    55
               +---------+---------+-------+---------+---------+-------+---------
